AoeStats
← RIO NILO ^

Arabia

505761573Analyzed
1v1 RM · 22d ago on Sep 10, 2026· 33m 58s· 2 players
Game mode
Random Map
Map size
Tiny (2 player)
Population
200
Speed
Normal
Resources
Standard
Victory
Conquest
Starting age
Dark Age
Ending age
Imperial Age
RankedLock teamsTeams togetherTeam positionsShared explorationLock speedFull tech treeHidden civsTurbo modeCheats
Victory
Defeat
🇵🇪 Turks · Peru
1312
+17
🇦🇷 Britons · Argentina
1342
-17
edu@rdo
6:46 Loom
10:07 Feudal Age
10:14 Man-at-Arms
18:12 Fletching
21:11 Padded Archer Armor
30:05 Castle Age
30:13 Crossbowman
31:01 Scale Barding Armor
32:25 Bodkin Arrow
RIO NILO ^
6:47 Loom
9:29 Feudal Age
10:04 Double-Bit Axe
11:18 Man-at-Arms
14:00 Padded Archer Armor
13:53 Fletching
19:50 Padded Archer Armor
32:38 Castle Age
33:23 Bodkin Arrow
32:50 Crossbowman
Connection lost

Rejoining the realm…

Still unreachable

The connection could not be restored.

Session expired

The server has moved on; the page needs a fresh start.